 Dungeon Crawl Stone Soup version 0.27.0-1-g7a089689b8 (webtiles) character file.

Game seed: 562426836556808756

88 wilfster70 the Digger (level 4, 0/26 HPs)
             Began as a Gargoyle Earth Elementalist on Aug 10, 2021.
             Slain by Crazy Yiuf (4 damage)
             ... on level 2 of the Dungeon.
             The game lasted 00:05:27 (2957 turns).

wilfster70 the Digger (Gargoyle Earth Elementalist) Turns: 2957, Time: 00:05:27

Health: 0/26       AC: 10    Str: 12    XL:     4   Next: 54%
Magic:  3/7        EV: 10    Int: 16    God:
Gold:   155        SH:  0    Dex: 10    Spells: 3/7 levels left

rFire    . . .     SeeInvis .   a - +1 dagger (venom)
rCold    . . .     Faith    .   (no shield)
rNeg     + . .     Spirit   .   d - +0 ring mail
rPois    ∞         Reflect  .   (no helmet)
rElec    +         Harm     .   k - +0 cloak
rCorr    .         Rampage  .   (no gloves)
Will     .....                  (no boots)
Stlth    +.........             (no amulet)
HPRegen  0.08/turn              (no ring)
MPRegen  0.10/turn              (no ring)

@: no status effects
A: sickness immunity, AC +3, negative energy resistance 1, electricity
resistance, torment resistance 1, petrification resistance
a: no special abilities


You were on level 2 of the Dungeon.
You visited 1 branch of the dungeon, and saw 2 of its levels.

You collected 155 gold pieces.

Inventory:

Hand Weapons
 a - a +1 dagger of venom (weapon)
Missiles
 c - 54 stones
 l - 5 curare-tipped darts
Armour
 d - a +0 ring mail (worn)
 g - a +0 kite shield
 k - a +0 cloak (worn)
Scrolls
 b - a scroll of teleportation {unknown}
 e - 2 scrolls of enchant armour {unknown}
 f - a scroll of enchant weapon {unknown}
 i - a scroll of identify {unknown}
 j - a scroll of noise {unknown}
 m - 2 scrolls of magic mapping {unknown}
 o - a scroll of summoning {unknown}
Potions
 h - a potion of lignification {unknown}
 n - a potion of curing {unknown}


   Skills:
 + Level 1.6 Fighting
 + Level 1.6 Armour
 - Level 1.5 Dodging
 - Level 2.1 Stealth
 + Level 0.5 Shields
 + Level 2.4 Spellcasting
 - Level 0.7 Transmutations
 * Level 4.8 Earth Magic


You had 3 spell levels left.
You knew the following spells:

 Your Spells              Type           Power      Damage    Failure   Level
a - Sandblast             Erth           34%        2d9       6%          1
b - Stone Arrow           Conj/Erth      18%        3d8       43%         3

Your spell library contained the following spells:

 Spells                   Type           Power      Damage    Failure   Level
 Passwall                 Tmut/Erth      8%         N/A       21%         2
 Ozocubu's Armour         Ice            1%         N/A       78%         3
 Petrify                  Tmut/Erth      10%        N/A       80%         4
 Ozocubu's Refrigeration  Ice            0%         4d5       100%        7


Dungeon Overview and Level Annotations

Branches:
Dungeon (2/15)

Altars:
Vehumet

Shops:
D:1 ?

Annotations:
D:2 Crazy Yiuf


Innate Abilities, Weirdness & Mutations

You are immune to sickness and miasma.
Your stone body is resilient. (AC +3)
You are immune to poison.
You resist negative energy. (rN+)
You are resistant to electric shocks. (rElec)
You are resistant to unholy torment.
You are immune to petrification.


Message History

Crazy Yiuf shouts!
Crazy Yiuf yells, "Orb ena bush!"
You open the door.
Casting: Sandblast (safe; 6% risk of failure)
Confirm with . or Enter, or press ? or * to list all spells.
Aiming: Sandblast (safe; 6% risk of failure)
Press: ? - help, Shift-Dir - straight line, f - Crazy Yiuf
Aim: Crazy Yiuf, wielding a +3 quarterstaff of chaos and wearing a +0 cloak (82% to hit)
The blast of sand hits Crazy Yiuf.
Crazy Yiuf is lightly wounded.
Crazy Yiuf hits you with a +3 quarterstaff of chaos.
Casting: Sandblast (safe; 6% risk of failure)
Confirm with . or Enter, or press ? or * to list all spells.
Aiming: Sandblast (safe; 6% risk of failure)
Press: ? - help, Shift-Dir - straight line, f/p - Crazy Yiuf
Aim: Crazy Yiuf, wielding a +3 quarterstaff of chaos and wearing a +0 cloak (lightly wounded, 82% to hit)
The blast of sand hits Crazy Yiuf.
Crazy Yiuf is moderately wounded.
Crazy Yiuf closely misses you.
Casting: Sandblast (safe; 6% risk of failure)
Confirm with . or Enter, or press ? or * to list all spells.
Aiming: Sandblast (safe; 6% risk of failure)
Press: ? - help, Shift-Dir - straight line, f/p - Crazy Yiuf
Aim: Crazy Yiuf, wielding a +3 quarterstaff of chaos and wearing a +0 cloak (moderately wounded, 82% to hit)
The blast of sand hits Crazy Yiuf but does no damage.
Crazy Yiuf is moderately wounded.
Crazy Yiuf says, "Two rumpyflump down!"
Crazy Yiuf hits you with a +3 quarterstaff of chaos.
Crazy Yiuf burns you.
Casting: Sandblast (safe; 6% risk of failure)
Confirm with . or Enter, or press ? or * to list all spells.
Aiming: Sandblast (safe; 6% risk of failure)
Press: ? - help, Shift-Dir - straight line, f/p - Crazy Yiuf
Aim: Crazy Yiuf, wielding a +3 quarterstaff of chaos and wearing a +0 cloak (moderately wounded, 82% to hit)
The blast of sand hits Crazy Yiuf.
Crazy Yiuf is heavily wounded.
Crazy Yiuf hits you with a +3 quarterstaff of chaos!
* * * LOW HITPOINT WARNING * * *
Crazy Yiuf freezes you.
You die...

##########..>..##...#######
## ####..##.........# .#
#.......#####.# .#########
######### #.# .........#
#.# ########## #######.##
### ###.#.P....#
#...##..#.....).#
#...g@####......# #)..###
##P...## ### ######


You could see Crazy Yiuf.

Vanquished Creatures
  2 adders (D:2)
  4 dart slugs
  7 ball pythons
  8 endoplasms
  6 goblins
  3 hobgoblins
  10 jackals
  A quokka (D:2)
  5 bats
  4 frilled lizards (D:1)
  3 kobolds
  4 rats (D:1)
57 creatures vanquished.

Vanquished Creatures (others)
  5 fungi (D:2)
  12 plants (D:2)
  5 toadstools (D:2)
  2 withered plants (D:2)
24 creatures vanquished.

Grand Total: 81 creatures vanquished

Notes
Turn   | Place    | Note
-------+----------+-------------------------------------------
     0 | D:1      | wilfster70 the Gargoyle Earth Elementalist began the quest
                  | for the Orb.
     0 | D:1      | Reached XP level 1. HP: 10/10 MP: 3/3
   236 | D:1      | Reached XP level 2. HP: 14/16 MP: 1/5
   244 | D:1      | Reached skill level 4 in Earth Magic
   556 | D:1      | Reached skill level 1 in Armour
   561 | D:1      | Reached skill level 1 in Fighting
   573 | D:1      | Found Ynli's Magic Scroll Shoppe.
   656 | D:1      | Reached XP level 3. HP: 19/20 MP: 4/6
   860 | D:1      | Learned a level 3 spell: Stone Arrow
  1235 | D:1      | You fall into a shaft and drop 1 floor!
  2057 | D:2      | Reached XP level 4. HP: 16/25 MP: 7/7
  2237 | D:2      | Found a faded altar of an unknown god.
  2278 | D:2      | Found a radiant altar of Vehumet.
  2949 | D:2      | Found a runed translucent door.
  2950 | D:2      | Noticed Crazy Yiuf
  2957 | D:2      | Slain by Crazy Yiuf

Illustrated notes

Levels and vault maps discovered:
D:1:      lightli_arrival_boilingwater, layout_loops_corners, serial_shops, shop
D:2:      layout_rooms, shapermc_ecumenical_altar_flowoftime, basic_altar,
          minmay_gold_behind_fungi, minivault_19, serial_bayou_pond_c,
          st_stairs_9, grunt_ministairs_7, uniq_crazy_yiuf_cottage

Skill      XL: |  1  2 |
---------------+-------+-----
Earth Magic    | 4 |  4.8
Armour         | 1 |  1.6
Fighting       | 1 |  1.6
Dodging        | |  1.5
Stealth        | |  2.1
Shields        | |  0.5
Spellcasting   | |  2.4
Transmutations | |  0.7

Action                   |  1- 3 |  4- 6 || total
-------------------------+-------+-------++-------
Melee: Dagger            |   100 |    60 ||   160
       Short sword       |     1 |       ||     1
       Unarmed           |     1 |       ||     1
 Cast: Sandblast         |    25 |     4 ||    29
 Stab: Sleeping          |     3 |       ||     3
Armor: Ring mail         |    63 |    25 ||    88
Dodge: Dodged            |    65 |    29 ||    94
